 Dungeon Crawl Stone Soup version 0.25-a0-63-gbefff83b7c (webtiles) character file.

Game seed: 9040880315886876166, levelgen mode: deterministic

73 Napalmbreeze the Chopper (level 4, 0/42 HPs)
             Began as a Deep Dwarf Monk on Nov 1, 2019.
             Succumbed to a water moccasin's poison
             ... on level 2 of the Dungeon.
             The game lasted 00:02:12 (1220 turns).

Napalmbreeze the Chopper (Deep Dwarf Monk)          Turns: 1220, Time: 00:02:13

Health: 0/42       AC:  3    Str: 16    XL:     4   Next: 8%
Magic:  4/4        EV: 14    Int: 10    God:
Gold:   85         SH:  0    Dex: 15    Spells: 3/3 levels left

rFire    . . .     SeeInvis .   a - +0 hand axe
rCold    . . .     Gourm    .   (no shield)
rNeg     . . .     Faith    .   h - +0 leather armour
rPois    .         Spirit   .   (no helmet)
rElec    .         Reflect  .   (no cloak)
rCorr    .         Harm     .   (no gloves)
MR       .....                  (no boots)
Stlth    ++........             (no amulet)
HPRegen  0.00/turn              (no ring)
MPRegen  0.09/turn              (no ring)

@: lethally poisoned (0 -> -8), non-regenerating
A: damage resistance, heal wounds, sense surroundings 1, no regeneration
a: Heal Wounds


You were on level 2 of the Dungeon.
You were not hungry.

You visited 1 branch of the dungeon, and saw 2 of its levels.

You collected 85 gold pieces.

Inventory:

Hand Weapons
 a - a +0 hand axe (weapon)
Armour
 h - a +0 leather armour (worn)
Scrolls
 b - 2 scrolls of enchant weapon {unknown}
 e - 2 scrolls of teleportation {unknown}
 f - 2 scrolls of identify {unknown}
 k - a scroll of random uselessness {unknown}
Potions
 d - 2 potions of curing {unknown}
 i - a potion of haste {unknown}
 j - a potion of heal wounds {unknown}
Comestibles
 c - 3 rations
 g - a chunk of flesh


   Skills:
 + Level 3.2 Fighting
 * Level 4.5 Axes
 + Level 3.9 Dodging
 - Level 2.4 Stealth


You had 3 spell levels left.
You didn't know any spells.
Your spell library was empty.

Dungeon Overview and Level Annotations

Branches:
Dungeon (2/15)

Altars:
The Shining One


Innate Abilities, Weirdness & Mutations

You are resistant to damage.
You can heal yourself by infusing magical energy.
You passively map a small area around you.
You do not regenerate.


Message History

You miss the water moccasin.
The water moccasin is moderately wounded.
The water moccasin closely misses you.
You hit the water moccasin.
The water moccasin is heavily wounded.
The water moccasin bites you!
* * * LOW HITPOINT WARNING * * *
The water moccasin barely misses you.
You hit the water moccasin.
The water moccasin is heavily wounded.
The water moccasin bites you but does no damage.
You barely miss the water moccasin.
The water moccasin is heavily wounded.
The water moccasin bites you.
* * * LOW HITPOINT WARNING * * *
You are lethally poisoned!
The water moccasin poisons you! The water moccasin closely misses you.
You closely miss the water moccasin.
The water moccasin is heavily wounded.
You die...

#.......l.* #...# #........
*#############...### ,+.)...S.,
.......<....[....>. .###...?..
##############....# ......... ,,
#........# ......). , ,
########.....##.# .......# *
#......#.....##.#
....$..##########......#.....(..#
>..............S@......'.........
#################......#.........
########......... ########.#
######.. #.^..... #.......
#....... ########...


You could see a water moccasin.

Vanquished Creatures
  A worker ant (D:2)
  An adder (D:2)
  5 leopard geckos
  A giant cockroach (D:2)
  8 goblins
  4 hobgoblins
  3 bats (D:1)
  6 kobolds
  6 rats
35 creatures vanquished.

Notes
Turn   | Place    | Note
-------+----------+-------------------------------------------
     0 | D:1      | Napalmbreeze the Deep Dwarf Monk began the quest for the
                  | Orb.
     0 | D:1      | Reached XP level 1. HP: 20/20 MP: 1/1
   202 | D:1      | Reached XP level 2. HP: 18/27 MP: 2/2
   728 | D:2      | Reached skill level 4 in Axes
   772 | D:2      | Found a glowing golden altar of the Shining One.
   799 | D:2      | Reached XP level 3. HP: 20/34 MP: 3/3
  1020 | D:2      | Reached XP level 4. HP: 37/42 MP: 4/4
  1193 | D:2      | Noticed a water moccasin
  1219 | D:2      | HP: 2/42 [water moccasin (5)]
  1220 | D:2      | Succumbed to a water moccasin's poison

Levels and vault maps discovered:
D:1:      evilmike_arrival_plus, layout_basic
D:2:      layout_basic, tso_oasis_becter, first_ration, minmay_door_square

Skill      XL: |  1  2 |
---------------+-------+-----
Fighting       | 3 |  3.2
Axes           | 4 |  4.5
Dodging        | |  3.9
Stealth        | |  2.4

Action                   |  1- 3 |  4- 6 || total
-------------------------+-------+-------++-------
Melee: Hand axe          |    98 |    20 ||   118
 Abil: Heal Wounds       |     1 |       ||     1
 Stab: Sleeping          |     6 |       ||     6
       Distracted        |     1 |       ||     1
  Eat: Chunk             |       |     1 ||     1
Armor: Robe              |     7 |       ||     7
       Leather armour    |    10 |     3 ||    13
Dodge: Dodged            |    65 |    17 ||    82

Table legend:
 A = Non-vault XP
 B = Vault XP
 C = Vault XP percentage of total XP
 D = Non-vault monster count
 E = Vault monster count
 F = Vault count percentage of total count
                 A         B        C        D         E       F
            +---------+---------+-------+---------+---------+-------
      Total |     105 |       0 |   0.0 |      35 |       0 |   0.0
            +---------+---------+-------+---------+---------+-------
        D:1 |      30 |       0 |   0.0 |      18 |       0 |   0.0
        D:2 |      75 |       0 |   0.0 |      17 |       0 |   0.0
            +---------+---------+-------+---------+---------+-------
